 Dungeon Crawl Stone Soup version 0.28-a0-1143-gcf6077d4cc (webtiles) character file.

Game seed: 12314179462029000492

2425 FluffGlitter the Covert (level 9, -3/40 (44) HPs)
             Began as a Spriggan Enchanter on Dec 13, 2021.
             Was an Initiate of Gozag.
             Killed from afar by Harold (13 damage)
             ... with a harpoon shot
             ... on level 6 of the Dungeon on Dec 14, 2021.
             The game lasted 01:19:31 (13691 turns).

FluffGlitter the Covert (Spriggan Enchanter)       Turns: 13691, Time: 01:19:32

HP:   -3/40 (44)    AC:  4    Str:  4    XL:     9   Next: 24%
MP:   10/14         EV: 21    Int: 24    God:    Gozag
Gold: 441           SH:  0    Dex: 18    Spells: 5/13 levels left

rFire   + . .      SeeInvis +   a - +5 dagger (flame)
rCold   . . .      Faith    .   (shield restricted)
rNeg    . . .      Spirit   .   E - +2 robe {rF+}
rPois   .          Reflect  .   (helmet restricted)
rElec   .          Harm     .   (no cloak)
rCorr   .          Rampage  .   (gloves unavailable)
Will    +....                   (boots unavailable)
Stlth   +++++.....              e - amulet of regeneration
HPRegen 0.93/turn               D - +6 ring of intelligence
MPRegen 0.14/turn               (no ring)

@: confusing by touch, marked, drained, very quick
A: very small, no large weapons, unfitting armour, see invisible, speed 3
a: Renounce Religion, Potion Petition, Call Merchant, Bribe Branch


You were on level 6 of the Dungeon.
You worshipped Gozag.
Gozag was aware of your devotion.
You visited 2 branches of the dungeon, and saw 9 of its levels.

You collected 532 gold pieces.
You paid 91 gold pieces to Gozag.

Inventory:

Hand Weapons
 a - a +5 dagger of flaming (weapon)
   (You took it off a goblin on level 1 of the Dungeon)
 b - a +0 hunting sling
   (You took it off a goblin on level 2 of the Dungeon)
 c - the +10 hunting sling "Soif Gya" {flame, *Slow Int+4 Dex+4}
   (You found it on level 5 of the Dungeon)

   Any ammunition fired from it burns those it strikes, dealing additional fire
   damage.
   Int:       It affects your intelligence (+4).
   Dex:       It affects your dexterity (+4).
   *Slow:     It may slow you when you take damage.
 h - a +1 dagger
 t - a +0 dagger of venom
   (You took it off an orc on level 3 of the Dungeon)
 y - a +1 dagger of electrocution
   (You took it off an orc wizard on level 3 of the Dungeon)
Missiles
 l - 2 throwing nets {!f}
 p - 22 poisoned darts (quivered)
 A - 144 stones
Armour
 E - a +2 robe of fire resistance (worn)
   (You took it off a wight on level 6 of the Dungeon)
Jewellery
 e - an amulet of regeneration (around neck)
   (You found it on level 4 of the Dungeon)
 D - a +6 ring of intelligence (left hand)
   (You found it on level 6 of the Dungeon)
Wands
 d - a wand of iceblast (13)
   (You found it on level 4 of the Dungeon)
 u - a wand of paralysis (5)
   (You found it on level 4 of the Dungeon)
Scrolls
 n - a scroll of enchant weapon
 o - a scroll of enchant armour
 r - a scroll of torment {unknown}
 w - 2 scrolls of immolation {!r}
 x - a scroll of acquirement {unknown}
 B - a scroll of identify {@r1}
 C - 3 scrolls of teleportation {@r4}
Potions
 f - a potion of ambrosia {unknown}
 g - 2 potions of mutation {unknown}
 i - a potion of brilliance {unknown}
 j - 2 potions of lignification {unknown}
 k - 2 potions of curing {@q1}
 q - 2 potions of haste {@q3}
 s - a potion of magic {unknown}
 v - a potion of berserk rage {unknown}
 z - a potion of attraction {unknown}


   Skills:
 - Level 3.0 Fighting
 + Level 6.9 Short Blades
 + Level 6.9 Dodging
 + Level 10.8 Stealth
 - Level 2.6 Spellcasting
 + Level 8.0 Hexes


You had 5 spell levels left.
You knew the following spells:

 Your Spells              Type           Power      Damage    Failure   Level
a - Confusing Touch       Hex            41%        N/A       1%          3
d - Tukima's Dance        Hex            41%        N/A       1%          3
x - Ensorcelled Hibernat  Hex/Ice        44%        N/A       3%          2

Your spell library contained the following spells:

 Spells                   Type           Power      Damage    Failure   Level
 Dazzling Flash           Conj/Hex       44%        N/A       6%          3
 Summon Guardian Golem    Hex/Summ       22%        N/A       6%          3
 Magic Dart               Conj           12%        1d3       11%         1
 Summon Small Mammal      Summ           12%        N/A       11%         1
 Call Imp                 Summ           3%         N/A       17%         2
 Searing Ray              Conj           6%         2d4       17%         2
 Static Discharge         Conj/Air       3%         N/A       17%         2
 Fulminant Prism          Conj/Hex       11%        3d9       22%         4
 Call Canine Familiar     Summ           3%         N/A       32%         3
 Mephitic Cloud           Conj/Pois/Air  3%         N/A       32%         3
 Ozocubu's Armour         Ice            3%         N/A       32%         3
 Dispel Undead            Necr           3%         3d7       73%         4
 Sticky Flame             Conj/Fire      3%         2d3       73%         4
 Ozocubu's Refrigeration  Ice            1%         4d5       100%        7


Dungeon Overview and Level Annotations

Branches:
Dungeon (8/15)             Temple (1/1) D:5
   Lair: D:8-11

Altars:
Ashenzari
Cheibriados
Dithmenos
Fedhas
Gozag
Hepliaklqana
Kikubaaqudgha
Makhleb
Nemelex Xobeh
Okawaru
Qazlal
Ru
Sif Muna
Trog
Uskayaw
Vehumet
Wu Jian
Xom
Yredelemnul
Zin
The Shining One

Annotations:
D:6 Harold


Innate Abilities, Weirdness & Mutations

You are very small and have problems with some larger weapons.
You are too small for most types of armour.
You have supernaturally acute eyesight. (SInv)
You cover ground extremely quickly. (Speed+++)


Message History

You see here a throwing net {!f}.
You struggle against the net.
Your hands begin to glow red.
The wight hits you with a +2 flail!
You tear a large gash into the net.
Harold points at you and mumbles some strange words.
A sentinel's mark forms upon you. The wight hits you with a +2 flail.
You rip the net and break free!
Harold throws a throwing net.
The throwing net misses you. The wight completely misses you.
The wight misses you. Harold fires a harpoon shot at you.
The harpoon shot hits you!
You stop ascending the stairs.
You are yanked forward by the harpoon shot.
The wight completely misses you. The wight completely misses you.
There is a stone staircase leading up, spattered with blood here.
You see here a throwing net {!f}.
Harold completely misses you.
The wight hits you from afar with a +0 halberd!
* * * LOW HITPOINT WARNING * * *
You feel drained.
* * * LOW HITPOINT WARNING * * *
You climb upwards.
There is a stone staircase leading down, spattered with blood here.
Items here: ))) [[.
The wight completely misses you.
Things that are here:
a +1 robe; a +2 battleaxe
Items here: )) [[.
Your hands stop glowing.
Harold fires a harpoon shot at you. The harpoon shot hits you!
* * * LOW HITPOINT WARNING * * *
You are yanked forward by the harpoon shot.
You feel better. Harold barely misses you.
Okay, then.
Your hands begin to glow red.
Harold hits you with a +5 morningstar of draining.
* * * LOW HITPOINT WARNING * * *
You feel drained.
* * * LOW HITPOINT WARNING * * *
Aim: Harold, wielding a +5 morningstar of draining and wearing a +0 chain mail (chance to confuse on hit: 32%, chance to affect: 19%)
Okay, then.
Harold casts a spell at you.
You barely resist.
Items here: )) [[.
Harold fires a harpoon shot at you. The harpoon shot hits you!
You die...
Your body crumbles into a pile of gold.

###################.##
#.# #.# #.# #.# ## #.#
8## #.#
..#################.#
8........[[z@.[.@...#
#...##.####.#########
....'......[........#
....##.####.#######.#
....##.# #.# #.#
....##.# #.# #.#
..).##.# #.# #.#
######.# #.# #.# #.#
#.# #.#


You could see Harold and a wight.

Vanquished Creatures
  A hornet (D:5)
  2 black bears
  An orc warrior (D:6)
  2 necrophages
  An ogre (D:6)
  A phantom (D:5)
  A gnoll sergeant (D:3)
  A scorpion (D:6)
  A water moccasin zombie (D:5)
  2 howler monkeys (D:3)
  13 wights
  A bullfrog zombie (D:4)
  A centaur zombie (D:6)
  A bullfrog skeleton (D:4)
  A hound (D:3)
  2 jellies (D:6)
  A gnoll shaman (D:6)
  2 iguanas (D:4)
  Jessica (D:3)
  6 orc wizards
  A howler monkey zombie (D:5)
  A howler monkey skeleton (D:6)
  3 adders
  15 gnolls
  3 white imps
  3 worms
  A dart slug (D:5)
  33 orcs
  11 ball pythons
  8 bats
  8 endoplasms
  A giant cockroach (D:1)
  8 goblins
  10 hobgoblins
  16 jackals
  6 frilled lizards
  A jackal skeleton (D:4)
  8 kobolds
  7 rats
186 creatures vanquished.

Vanquished Creatures (others)
  11 demonic plants (D:1)
  7 fungi (D:1)
  19 plants
  5 withered plants (D:1)
42 creatures vanquished.

Grand Total: 228 creatures vanquished

Notes
Turn   | Place    | Note
-------+----------+-------------------------------------------
     0 | D:1      | FluffGlitter the Spriggan Enchanter began the quest for the
                  | Orb.
     0 | D:1      | Reached XP level 1. HP: 9/9 MP: 5/5
   229 | D:1      | Reached skill level 5 in Stealth
   229 | D:1      | Reached XP level 2. HP: 6/13 MP: 6/6
   710 | D:1      | Found a faded altar of an unknown god.
  1865 | D:1      | Learned a level 2 spell: Ensorcelled Hibernation
  2001 | D:1      | Reached XP level 3. HP: 15/17 MP: 0/8
  3058 | D:2      | Reached XP level 4. HP: 21/21 MP: 9/9
  3062 | D:2      | Reached skill level 6 in Stealth
  3318 | D:2      | Learned a level 3 spell: Confusing Touch
  3342 | D:2      | Found a burning altar of Makhleb.
  3375 | D:2      | Reached skill level 1 in Fighting
  4068 | D:3      | Noticed Jessica
  4700 | D:3      | Killed Jessica
  4756 | D:3      | Reached XP level 5. HP: 18/25 MP: 2/10
  5463 | D:3      | Reached skill level 7 in Stealth
  5463 | D:3      | Reached XP level 6. HP: 22/30 MP: 2/11
  5773 | D:3      | Reached skill level 5 in Hexes
  6858 | D:3      | Reached XP level 7. HP: 33/33 MP: 9/12
  8134 | D:4      | Reached skill level 8 in Stealth
  8600 | D:5      | Entered Level 5 of the Dungeon
  8732 | D:4      | Learned a level 3 spell: Tukima's Dance
  9395 | D:4      | Reached skill level 5 in Short Blades
  9425 | D:4      | Reached XP level 8. HP: 38/40 MP: 9/13
  9915 | D:5      | Found a staircase to the Ecumenical Temple.
  9937 | D:5      | Reached skill level 9 in Stealth
 10091 | Temple   | Entered the Ecumenical Temple
 10380 | Temple   | Became a worshipper of Gozag Ym Sagoz the Greedy
 10556 | D:5      | Identified the +10 hunting sling "Soif Gya" {flame, *Slow
                  | Int+4 Dex+4}
 11025 | D:5      | Noticed a hornet
 11123 | D:5      | Killed a hornet
 11124 | D:5      | Reached skill level 5 in Dodging
 11272 | D:5      | Found a snail-covered altar of Cheibriados.
 11273 | D:5      | Found a glowing golden altar of the Shining One.
 11881 | D:6      | Reached skill level 10 in Stealth
 12425 | D:6      | Reached XP level 9. HP: 44/44 MP: 9/14
 12462 | D:6      | Found a shimmering blue altar of Sif Muna.
 13359 | D:7      | Noticed Harold
 13403 | D:7      | Identified the ring "Vuwk" {Wiz rElec rN+ Stlth+}
 13686 | D:6      | HP: 2/42 [Harold/harpoon shot (16)]
 13691 | D:6      | Killed from afar by Harold

Illustrated notes

Levels and vault maps discovered:
D:1:      onia_arrival_mini_maze, layout_basic, shapermc_ecumenical_altar_gd,
          minmay_split_cup_large
D:2:      layout_loops_corners, basic_altar
D:3:      lemuel_castle_with_subvaults [lemuel_castle_interior_carwin_1],
          layout_loops_cross, uniq_jessica
D:4:      layout_loops_ring, serial_park_tiny_pond, kennysheep_cross_room
D:5:      minmay_general_purpose_star, layout_basic,
          mainiacjoe_overflow_divided_tiny, minmay_temple_entry_junction
D:6:      layout_basic, kennysheep_orc_sif_temple, kennysheep_generic_room_5
D:7:      layout_cave_pools, uniq_harold
D:8:      lemuel_ice_statue, layout_basic, lair_entry_dummy
Temple:   dpeg_five_rooms_temple

Skill      XL: |  1  2  3  4  5  6  7  8  9 |
---------------+----------------------------+-----
Stealth        | 5 6 7 8 10 | 10.8
Short Blades   | 2 3 4 5 6 |  6.9
Fighting       | 1 2 3 |  3.0
Hexes          | 4 5 6 7 8 |  8.0
Dodging        | 4 6 |  6.9
Spellcasting   | |  2.6

Action                   |  1- 3 |  4- 6 |  7- 9 || total
-------------------------+-------+-------+-------++-------
Melee: Dagger            |   142 |   148 |   210 ||   500
Throw: Stone             |     1 |     5 |       ||     6
       Dart              |       |     1 |     8 ||     9
 Cast: Ensorcelled Hiber |    16 |    75 |    51 ||   142
       Confusing Touch   |       |       |    29 ||    29
       Tukima's Dance    |       |       |     1 ||     1
  Use: Potion            |     1 |       |     1 ||     2
       Scroll            |       |       |    12 ||    12
 Stab: Sleeping          |    23 |    47 |    38 ||   108
       Distracted        |     1 |       |     1 ||     2
       Confused          |       |       |    19 ||    19
Armor: Robe              |    16 |     8 |     3 ||    27
Dodge: Dodged            |   111 |   133 |   110 ||   354

Table legend: (Time is in decaauts)
 A = Elapsed time spent in this place.
 B = Non-inter-level travel time spent in this place.
 C = Inter-level travel time spent in this place.
 D = Time resting spent in this place.
 E = Time spent auto-exploring this place.
 F = Levels seen in this place.
 G = Mean time per level.
                   A        B        C        D        E       F      G
               +--------+--------+--------+--------+--------+-----+--------+
         Total |  11005 |  10802 |    203 |   5043 |   3202 |   9 | 1222.8 |
       Dungeon |  10798 |  10643 |    155 |   5043 |   3052 |   8 | 1349.8 |
        Temple |    207 |    159 |     48 |      0 |    150 |   1 |  207.0 |
               +--------+--------+--------+--------+--------+-----+--------+

Top non-repeatable levels by time:
     D:3: 3878 daAuts
     D:1: 2174 daAuts
     D:6: 1341 daAuts
     D:2: 1217 daAuts
     D:5: 1000 daAuts
     D:4: 954 daAuts
     D:7: 231 daAuts
  Temple: 207 daAuts
     D:8: 1 daAuts
